Map: Efeméride LE

Players

LowLinK - Winner!

  • Race: Protoss Protoss
  • League: Platinum
  • Spawn Location: 11:00

IIIIIIIIIIII

  • Race: Protoss Protoss
  • League: Diamond
  • Spawn Location: 5:00

VOD

Have the link to the VOD?

Description

Time

  • Played on: Feb. 15, 2020, 9:07 a.m.
  • Length: 6:07
Show
View Real Time Build Order
Export as new Build Order

LowLinK Protoss - Winner!

Build Orders:  

Get SALT Encoding   

  12  0:01  Probe  
  13  0:13  Probe  
  14  0:18  Pylon  
  14  0:25  Probe  
  15  0:36  Gateway  
  15  0:38  Probe (Chrono Boost)  
  16  0:47  Probe (Chrono Boost), Assimilator  
  17  0:52  Probe (Chrono Boost)  
  17  0:56  Assimilator  
  18  1:04  Probe  
  18  1:07  Pylon  
  19  1:16  Probe  
  20  1:23  Cybernetics Core  
  20  1:28  Probe  
  21  1:40  Probe  
  22  1:52  Probe  
  23  1:54  Pylon  
  23  1:56  Warp Gate (Chrono Boost)  
  23  2:04  Stalker  
  25  2:18  Gateway  
  25  2:23  Gateway  
  25  2:25  Gateway  
  25  2:30  Gateway  
  25  2:37  Pylon  
  25  3:03  Gateway  
  25  3:06  Pylon  
  25  3:10  Sentry  
  27  3:31  Probe  
  28  3:39  Stalker  
  30  3:43  Stalker  
  30  3:44  Stalker x2  
  36  3:58  Stalker  
  38  4:03  Stalker x2  
  38  4:07  Stalker x2  
  36  4:56  Stalker  
  36  4:57  Stalker x4  
  44  5:19  Stalker x2  
  48  5:26  Sentry  
  50  5:35  Pylon  
  50  5:40  Stalker  
  50  5:41  Zealot  
Show
View Real Time Build Order
Export as new Build Order

IIIIIIIIIIII Protoss 

Build Orders:  

Get SALT Encoding   

  12  0:01  Probe  
  13  0:13  Probe  
  14  0:17  Pylon  
  14  0:25  Probe  
  15  0:37  Probe (Chrono Boost)  
  15  0:40  Gateway  
  16  0:49  Probe (Chrono Boost)  
  17  0:50  Assimilator  
  17  0:54  Probe (Chrono Boost)  
  18  0:59  Assimilator  
  18  1:03  Probe  
  19  1:18  Probe (Chrono Boost), Gateway  
  20  1:28  Probe (Chrono Boost)  
  20  1:29  Cybernetics Core  
  21  1:33  Probe (Chrono Boost)  
  22  1:41  Pylon  
  22  1:45  Probe  
  23  1:59  Probe  
  24  2:05  Stalker  
  24  2:06  Sentry  
  28  2:13  Warp Gate  
  28  2:26  Nexus  
  28  2:38  Pylon  
  28  2:58  Stalker, Robotics Facility  
  30  2:59  Stalker  
  31  3:09  Probe  
  32  3:16  Pylon  
  32  3:21  Probe  
  33  3:27  Forge  
  33  3:34  Twilight Council  
  33  3:42  Shield Battery  
  33  3:56  Shield Battery  
  33  3:58  Shield Battery  
  33  4:01  Pylon  
  33  4:03  Stalker  
  33  4:25  Stalker  
  33  4:31  Immortal (Chrono Boost)  
  34  4:43  Stalker  
  34  4:50  Stalker  
  34  4:56  Probe x2  
  36  5:10  Immortal (Chrono Boost)  
  39  5:19  Probe  
  41  5:24  Stalker  
  41  5:43  Pylon  
  41  5:45  Pylon  
Tags
 
Add a new tag
Caveats
  • Supply blocks, unpowered buildings, or Contaminate may cause inaccurate times.
  • Supply counts are checked every 10 seconds.